 Seeded DCSS version 0.29-a0-23-ga79f92ac9c (webtiles) character file.

Game seed: 10000000000011 (custom seed)

261 knot the Chopper (level 5, -2/61 HPs)
             Began as a Demonspawn Berserker on Jan 31, 2022.
             Was a Believer of Trog.
             Killed from afar by Dowan (8 damage)
             ... with a puff of flame
             ... on level 4 of the Dungeon.
             The game lasted 00:03:44 (3424 turns).

knot the Chopper (Demonspawn Berserker)             Turns: 3424, Time: 00:03:45

Health: -2/61      AC:  2    Str: 17    XL:     5   Next: 96%
Magic:  5/5        EV: 12    Int: 11    God:    Trog [**....]
Gold:   126        SH:  0    Dex: 12    Spells: 4/4 levels left

rFire   . . .      SeeInvis .   a - +0 hand axe
rCold   . . .      Faith    .   (no shield)
rNeg    . . .      Spirit   .   b - +0 animal skin
rPois   .          Reflect  .   (no helmet)
rElec   .          Harm     .   (no cloak)
rCorr   .          Rampage  .   (no gloves)
Will    .....                   (no boots)
Stlth   ..........              (no amulet)
HPRegen 0.20/turn               (no ring)
MPRegen 0.18/turn               (no ring)

@: berserking, very quick
A: magic regeneration, demonic touch 1
a: Renounce Religion, Berserk, Trog's Hand


You were on level 4 of the Dungeon.
You worshipped Trog.
Trog was pleased with you.
You visited 1 branch of the dungeon, and saw 4 of its levels.

You collected 126 gold pieces.

Inventory:

Hand Weapons
 a - a +0 hand axe (weapon)
Missiles
 g - 71 stones (quivered)
 l - 2 poisoned darts
 p - 4 boomerangs
Armour
 b - a +0 animal skin (worn)
Jewellery
 d - an amulet of reflection
Wands
 o - a wand of polymorph (4)
Scrolls
 c - a scroll of amnesia {unknown}
 k - 2 scrolls of identify {unknown}
 m - 2 scrolls of blinking {unknown}
 n - a scroll of fog {unknown}
Potions
 e - a potion of curing {unknown}
 f - a potion of lignification {unknown}
 h - a potion of might {unknown}
 i - a potion of heal wounds {unknown}
 j - a potion of magic {unknown}


   Skills:
 - Level 3.0 Fighting
 + Level 6.1 Axes
 - Level 1.7 Armour
 - Level 1.7 Dodging


You had 4 spell levels left.
You didn't know any spells.
Your spell library contained the following spells:

 Spells                   Type           Power      Damage    Failure   Level
 Corpse Rot               Necr/Air       0%         N/A       47%         2
 Ensorcelled Hibernation  Hex/Ice        0%         N/A       47%         2
 Passwall                 Tmut/Erth      0%         N/A       47%         2
 Poisonous Vapours        Pois/Air       0%         N/A       47%         2
 Swiftness                Air            0%         N/A       71%         3


Dungeon Overview and Level Annotations

Branches:
Dungeon (4/15)             Temple (0/1) D:4

Altars:

Shops:
D:3 [

Annotations:
D:4 Dowan, Duvessa


Innate Abilities, Weirdness & Mutations

You regenerate magic rapidly.
Your touch may inflict minor irresistible damage on your foes.


Message History

The centaur skeleton hits you. The centaur skeleton kicks you.
You slash the centaur skeleton!
The centaur skeleton is almost destroyed.
You hit Dowan but do no damage. Dowan hits you with a +0 dagger!
The centaur skeleton closely misses you.
The centaur skeleton kicks you but does no damage.
You hit the centaur skeleton.
You destroy the centaur skeleton!
Trog accepts your kill.
You closely miss Dowan.
Dowan says, "Stay away from my face!"
Dowan barely misses you.
Aiming: Polymorph
Press: ? - help, Shift-Dir - straight line, f/p - Duvessa
Aim: Duvessa, wielding a +2 short sword of draining and wearing a +0 ring mail (will become a river rat, a scorpion, or a wolf, chance to affect: 31%) Duvessa easily resists.
Dowan hits you but does no damage.
Aiming: Polymorph
Press: ? - help, Shift-Dir - straight line, f/p - Duvessa
Aim: Duvessa, wielding a +2 short sword of draining and wearing a +0 ring mail (will become a river rat, a scorpion, or a wolf, chance to affect: 31%) Duvessa evaporates and reforms as a scorpion!
Dowan zaps a wand.
The puff of flame misses you.
Aiming: Polymorph
Press: ? - help, Shift-Dir - straight line, f - Dowan, p - Duvessa
Aim: Dowan, wielding a +0 dagger, wearing a +2 robe of fire resistance and carrying a wand of flame (26) (will become a quokka, a frilled lizard, or a boggart, chance to affect: 49%) Dowan resists with some effort.
Dowan closely misses you. Duvessa stings you!
A red film seems to cover your vision as you go berserk!
You feel yourself moving faster!
You feel mighty! Dowan gestures at you while chanting.
The puff of frost hits you!
* * * LOW HITPOINT WARNING * * *
Duvessa stings you.
* * * LOW HITPOINT WARNING * * *
You hit Dowan.
You touch Dowan.
Dowan is moderately wounded.
You slash Duvessa! Dowan hits you but does no damage.
Duvessa barely misses you.
You slash Dowan!
Dowan is severely wounded.
You hit Duvessa.
Dowan zaps a wand.
The puff of flame hits you!
You die...

. # .. #. #. ... #. ##.
.... #. #.. ....(
###.### #.###).....
###+### #.e@s......
#.####⌠.⌠####.####$....
....+.>.'....# #.#
##⌠.⌠###### ###'###
###.### #.# ### #.#
..######.#


You could see Dowan and Duvessa the scorpion.

Vanquished Creatures
  An ogre (D:3)
  A scorpion (D:4)
  A centaur skeleton (D:4)
  4 adders
  6 endoplasms
  A giant cockroach (D:1)
  3 goblins
  4 hobgoblins
  14 jackals
  A quokka (D:4)
  2 ball pythons
  7 bats
  5 frilled lizards
  3 kobolds
  5 rats
58 creatures vanquished.

Notes
Turn   | Place    | Note
-------+----------+-------------------------------------------
     0 | D:1      | knot the Demonspawn Berserker began the quest for the Orb.
     0 | D:1      | Reached XP level 1. HP: 18/18 MP: 1/1
    57 | D:1      | Reached skill level 3 in Axes
   139 | D:1      | Gained mutation: You regenerate magic rapidly. [demonic
                  | ancestry]
   139 | D:1      | Reached XP level 2. HP: 20/24 MP: 2/2
  1335 | D:2      | Gained mutation: Your touch may inflict minor irresistible
                  | damage on your foes. [demonic ancestry]
  1335 | D:2      | Reached XP level 3. HP: 27/29 MP: 3/3
  1483 | D:2      | Reached ** piety under Trog
  1484 | D:2      | Reached skill level 4 in Axes
  1829 | D:2      | Reached XP level 4. HP: 35/35 MP: 4/4
  2289 | D:3      | Noticed an ogre
  2300 | D:3      | Killed an ogre
  2301 | D:3      | Reached skill level 5 in Axes
  2301 | D:3      | Reached XP level 5. HP: 41/41 MP: 5/5
  2551 | D:3      | Found Daocsar's Antique Armour Emporium.
  2977 | D:4      | Reached skill level 6 in Axes
  3401 | D:4      | Found a staircase to the Ecumenical Temple.
  3413 | D:4      | Noticed Duvessa
  3413 | D:4      | Noticed Dowan
  3420 | D:4      | Noticed Duvessa
  3420 | D:4      | Duvessa changed into Duvessa the scorpion
  3424 | D:4      | Killed from afar by Dowan

Illustrated notes

Levels and vault maps discovered:
D:1:      lordsloth_arrival_two_stooges, layout_basic, grunt_decor_fettered,
          minmay_misc_feat_diagonals, nicolae_concentric_dashed_squares_wild
D:2:      layout_rooms, hangedman_decor_clover_reticule
D:3:      layout_basic, serial_shops, shop, kennysheep_path_1
D:4:      layout_rooms, temple_doors_e, uniq_duvessa, uniq_ijyb

Skill      XL: |  1  2  3  4  5 |
---------------+----------------+-----
Axes           | 3 4 5 6 |  6.1
Fighting       | |  3.0
Armour         | |  1.7
Dodging        | |  1.7

Action                   |  1- 3 |  4- 6 || total
-------------------------+-------+-------++-------
Melee: Hand axe          |   104 |    50 ||   154
       Punch             |     2 |     3 ||     5
       Touch             |     3 |     7 ||    10
Invok: Berserk           |     3 |     4 ||     7
Evoke: Wand              |       |     4 ||     4
 Stab: Sleeping          |     1 |       ||     1
Armor: Animal skin       |    22 |    11 ||    33
Dodge: Dodged            |   100 |    37 ||   137

Table legend: (Time is in decaauts)
 A = Elapsed time spent in this place.
 B = Non-inter-level travel time spent in this place.
 C = Inter-level travel time spent in this place.
 D = Time resting spent in this place.
 E = Time spent auto-exploring this place.
 F = Levels seen in this place.
 G = Mean time per level.
                   A        B        C        D        E       F      G
               +--------+--------+--------+--------+--------+-----+--------+
         Total |   3501 |   3455 |     46 |   1445 |   1626 |   4 |  875.2 |
       Dungeon |   3501 |   3455 |     46 |   1445 |   1626 |   4 |  875.2 |
               +--------+--------+--------+--------+--------+-----+--------+

Top non-repeatable levels by time:
     D:1: 1344 daAuts
     D:2: 900 daAuts
     D:3: 737 daAuts
     D:4: 519 daAuts
